 Dungeon Crawl Stone Soup version 0.27-a0-920-gb2bd10914a (webtiles) character file.

Game seed: 2675383463968690191

3166 Mesmaeker13 the Charlatan (level 9, 0/82 HPs)
             Began as a Deep Dwarf Hunter on Apr 9, 2021.
             Was a Believer of Makhleb.
             Slain by a cane toad (16 damage)
             ... on level 1 of the Lair of Beasts.
             The game lasted 00:26:26 (7999 turns).

Mesmaeker13 the Charlatan (Deep Dwarf Hunter)       Turns: 7999, Time: 00:26:26

Health: 0/82       AC: 12    Str: 20    XL:     9   Next: 63%
Magic:  0/8        EV:  9    Int: 11    God:    Makhleb [**....]
Gold:   425        SH:  5    Dex: 13    Spells: 8/8 levels left

rFire    + . .     SeeInvis +   h - +0 war axe
rCold    x . .     Faith    .   u - +0 buckler
rNeg     . . .     Spirit   +   b - +0 chain mail
rPois    .         Reflect  .   s - +0 helmet {SInv}
rElec    .         Harm     .   (no cloak)
rCorr    .         Rampage  .   m - +0 pair of gloves
Will     +....                  (no boots)
Stlth    ..........             e - amulet of guardian spirit
HPRegen  0.00/turn              q - ring of fire
MPRegen  0.11/turn              (no ring)

@: lethally poisoned (0 -> 0), flying, non-regenerating, hasted, very quick
A: damage resistance, heal wounds, sense surroundings 2, no regeneration
a: Heal Wounds, Renounce Religion, Minor Destruction


You were on level 1 of the Lair of Beasts.
You worshipped Makhleb.
Makhleb was pleased with you.
You visited 3 branches of the dungeon, and saw 11 of its levels.

You collected 425 gold pieces.

Inventory:

Hand Weapons
 a - a +3 hand crossbow
 h - a +0 war axe (weapon)
 B - a +0 flail
Missiles
 d - 66 bolts
 g - 14 boomerangs
 n - 75 poisoned darts (quivered)
 A - 3 throwing nets
Armour
 b - a +0 chain mail (worn)
 c - the +3 leather armour of Nalut {rElec rN++}
   (You found it on level 8 of the Dungeon)

   It insulates you from electricity.
   It greatly protects you from negative energy.
 k - a +2 helmet
 m - a +0 pair of gloves (worn)
 s - a +0 helmet of see invisible (worn)
 u - a +0 buckler (worn)
Jewellery
 e - an amulet of guardian spirit (around neck)
 q - a ring of fire (left hand)
Wands
 y - a wand of flame (10)
Scrolls
 t - a scroll of teleportation
 v - a scroll of torment {unknown}
 x - a scroll of immolation
 F - 2 scrolls of fog {unknown}
Potions
 f - a potion of lignification
 i - 3 potions of attraction
 j - a potion of heal wounds
 l - 2 potions of brilliance
 w - a potion of haste


   Skills:
 + Level 6.1 Fighting
 + Level 6.3 Axes
 + Level 6.5 Crossbows
 + Level 6.5 Armour
 - Level 3.0 Dodging
 - Level 1.2 Stealth
 - Level 4.0 Shields
 + Level 1.3 Invocations
 - Level 7.0 Evocations


You had 8 spell levels left.
You didn't know any spells.
Your spell library contained the following spells:

 Spells                   Type           Power      Damage    Failure   Level
 Freeze                   Ice            0%         1d3       97%         1
 Frozen Ramparts          Ice            0%         1d2       100%        3
 Ozocubu's Armour         Ice            0%         N/A       100%        3
 Hailstorm                Conj/Ice       0%         3d3       100%        4
 Summon Ice Beast         Ice/Summ       0%         N/A       100%        4


Dungeon Overview and Level Annotations

Branches:
Dungeon (9/15)             Temple (1/1) D:4            Lair (1/6) D:8
    Orc: D:9-12

Altars:
Ashenzari
Cheibriados
Dithmenos
Elyvilon
Fedhas
Gozag
Hepliaklqana
Kikubaaqudgha
Makhleb
Nemelex Xobeh
Okawaru
Qazlal
Ru
Sif Muna
Trog
Uskayaw
Vehumet
Wu Jian
Xom
Yredelemnul
Zin
The Shining One

Portals:
Abyss: D:7

Annotations:
D:2 1 runed translucent door, Crazy Yiuf
D:7 2 transporters, wakim's ghost, novice OpTm
D:8 1 exclusion


Innate Abilities, Weirdness & Mutations

You are resistant to damage.
You can heal yourself by infusing magical energy.
You passively map the area around you.
You do not regenerate.


Message History

Press: ? - help, Q - select action, (/) - cycle Shift-Dir - straight line, f - cane toad
Aim: a cane toad (72% to hit)
You shoot a bolt. The bolt hits the cane toad!
The cane toad is moderately wounded.
Unknown command.
Fire: 67 bolts
Press: ? - help, Q - select action, (/) - cycle Shift-Dir - straight line, f/p - cane toad
Aim: a cane toad (moderately wounded, 72% to hit)
Your line of fire to the cane toad is blocked by a plant.
Continue anyway?
Okay, then.
Fire: 67 bolts
Press: ? - help, Q - select action, (/) - cycle Shift-Dir - straight line, f/p - cane toad
Aim: a cane toad (moderately wounded, 72% to hit)
You shoot a bolt. The bolt hits the cane toad!
The cane toad is severely wounded.
Unknown command.
h - a +0 war axe (weapon)
The cane toad barely misses you.
Found 7 silver javelins.
You barely miss the cane toad.
The cane toad is severely wounded.
You hit the plant.
The plant begins to die.
The cane toad stings you!
You slash the cane toad!
The cane toad is almost dead.
You slash the plant! You block the cane toad's attack.
You hit the cane toad but do no damage.
The cane toad is almost dead.
You slash the plant! The cane toad stings you!
* * * LOW HITPOINT WARNING * * *
You barely miss the cane toad.
The cane toad is almost dead.
You slash the plant! The cane toad stings you!
* * * LOW HITPOINT WARNING * * *
You are poisoned.
The cane toad poisons you!
You completely miss the cane toad.
The cane toad is almost dead.
You completely miss the plant.
A nearby plant withers and dies.
The cane toad stings you!!
You die...

, ** ..* ** ** , *
######., * * * ,
,,,,...... ,,, ,, ,
, , ....., , ,, ,,,
, ,, ,# ,...# , , *
, .#.####..######.
,................,,
, ,
.......<........ ,
, ####.##.@F#####*
* * * #...(# * * *
, ,, , ,.$....(..
,,, , ,
.(........... , , *
*############## * *
*


You could see a cane toad.

Vanquished Creatures
  Grinder (D:4)
  Menkaure (D:7)
  4 water moccasins
  An ice beast (D:6)
  An orc warrior (D:3)
  2 sky beasts
  3 ogres
  2 centaurs
  A bullfrog (D:8)
  2 kobold brigands
  A scorpion (D:5)
  A wyvern zombie (D:6)
  A water moccasin zombie (D:7)
  A wyvern skeleton (D:7)
  8 killer bees
  4 howler monkeys
  A bullfrog zombie (D:5)
  2 centaur zombies (D:6)
  A centaur skeleton (D:5)
  An orc priest (D:5)
  2 hounds
  A bullfrog skeleton (D:7)
  3 orc wizards
  2 killer bee zombies
  A hound zombie (D:5)
  2 howler monkey zombies
  Robin (D:2)
  8 adders
  6 gnolls
  2 shadow imps (D:6)
  A white imp (D:6)
  An adder skeleton (D:4)
  3 worms (D:2)
  22 orcs
  6 ball pythons
  12 endoplasms
  4 giant cockroaches
  17 goblins
  11 hobgoblins
  6 jackals
  17 kobolds
  5 bats
  3 frilled lizards
  A giant cockroach zombie (D:2)
  4 rats
180 creatures vanquished.

Vanquished Creatures (others)
  A hobgoblin (D:4)
  A plant (Lair:1)
2 creatures vanquished.

Grand Total: 182 creatures vanquished

Notes
Turn   | Place    | Note
-------+----------+-------------------------------------------
     0 | D:1      | Mesmaeker13 the Deep Dwarf Hunter began the quest for the
                  | Orb.
     0 | D:1      | Reached XP level 1. HP: 19/19 MP: 1/1
   126 | D:1      | Reached XP level 2. HP: 19/26 MP: 2/2
   151 | D:1      | Found a faded altar of an unknown god.
   647 | D:1      | Reached XP level 3. HP: 24/33 MP: 3/3
  1153 | D:2      | Reached skill level 5 in Crossbows
  1350 | D:2      | Reached XP level 4. HP: 22/40 MP: 0/4
  1466 | D:2      | Reached skill level 1 in Armour
  1551 | D:2      | Found a runed translucent door.
  1552 | D:2      | Noticed Crazy Yiuf
  2084 | D:3      | Noticed an orc warrior
  2106 | D:3      | Killed an orc warrior
  2107 | D:3      | Reached skill level 1 in Axes
  2107 | D:3      | Reached skill level 1 in Evocations
  2107 | D:3      | Reached XP level 5. HP: 23/49 MP: 0/5
  2157 | D:2      | Reached skill level 2 in Evocations
  2371 | D:3      | Noticed Robin
  2400 | D:2      | Killed Robin
  2571 | D:3      | Noticed an ogre
  2580 | D:3      | Killed an ogre
  2581 | D:3      | Reached XP level 6. HP: 38/56 MP: 0/6
  2606 | D:3      | Reached skill level 3 in Evocations
  2804 | D:3      | Found a sparkling altar of Nemelex Xobeh.
  2912 | D:4      | Found a stormy altar of Qazlal.
  2926 | D:4      | Noticed Grinder
  2940 | D:4      | Killed Grinder
  2941 | D:4      | Reached skill level 1 in Shields
  2941 | D:4      | Reached XP level 7. HP: 56/63 MP: 0/7
  3576 | D:4      | Found a staircase to the Ecumenical Temple.
  3585 | Temple   | Entered the Ecumenical Temple
  3991 | D:5      | Entered Level 5 of the Dungeon
  3996 | D:5      | Reached skill level 4 in Evocations
  4385 | D:5      | Found a burning altar of Makhleb.
  4397 | D:5      | Became a worshipper of Makhleb the Destroyer
  4451 | D:5      | Found a hide-covered altar of Uskayaw.
  4608 | D:5      | Reached XP level 8. HP: 36/73 MP: 0/8
  4905 | D:6      | Found a hazy altar of Hepliaklqana.
  4926 | D:6      | Reached skill level 5 in Evocations
  5440 | D:6      | Found a snail-covered altar of Cheibriados.
  5796 | D:7      | Found a transporter.
  5802 | D:7      | Noticed a toenail golem
  5872 | D:7      | Reached * piety under Makhleb
  5873 | D:7      | Reached skill level 5 in Fighting
  5873 | D:7      | Reached skill level 5 in Armour
  5880 | D:7      | Noticed Menkaure
  5885 | D:7      | Killed Menkaure
  5886 | D:7      | Reached skill level 5 in Axes
  5886 | D:7      | Reached skill level 6 in Evocations
  6006 | D:7      | Found a one-way gate to the infinite horrors of the Abyss.
  6046 | D:7      | Found a transporter.
  6056 | D:7      | Noticed wakim's ghost (novice OpTm)
  6077 | D:7      | Gained mutation: You passively map the area around you.
                  | [Deep Dwarf growth]
  6077 | D:7      | Reached XP level 9. HP: 32/81 MP: 0/9
  6081 | D:7      | Noticed an ancient zyme
  6315 | D:7      | Found a glowing golden altar of the Shining One.
  6336 | D:7      | Found a basalt altar of Yredelemnul.
  6338 | D:7      | Noticed a profane servitor
  6344 | D:7      | Noticed an angel
  6512 | D:7      | Found an ornate altar of the Wu Jian Council.
  6661 | D:7      | Reached skill level 7 in Evocations
  6662 | D:7      | Found a blossoming altar of Fedhas.
  6662 | D:7      | Found a white marble altar of Elyvilon.
  6667 | D:7      | Found a faded altar of an unknown god.
  6688 | D:7      | Found a faded altar of an unknown god.
  6689 | D:7      | Found a shadowy altar of Dithmenos.
  7283 | D:8      | Identified the +3 leather armour of Nalut {rElec rN++}
  7323 | D:8      | Noticed a fire dragon
  7364 | D:8      | Reached ** piety under Makhleb
  7459 | D:8      | Found an iron altar of Okawaru.
  7571 | D:8      | Found a staircase to the Lair.
  7810 | D:9      | Reached skill level 1 in Invocations
  7987 | Lair:1   | Entered Level 1 of the Lair of Beasts
  7987 | Lair:1   | Noticed a cane toad
  7999 | Lair:1   | Slain by a cane toad

Illustrated notes

Levels and vault maps discovered:
D:1:      lightli_arrival_flooded_house, layout_loops_ring,
          chequers_ecumenical_altar_grove, grunt_decor_arrowhead, minivault_26,
          minmay_distorted
D:2:      layout_loops_ring, minmay_octomino_c4, uniq_crazy_yiuf_cottage
D:3:      layout_rooms, nemelex_dance_club_becter, uniq_robin
D:4:      minmay_door_path, layout_loops_ring, general_overflow_altar,
          lemuel_temple_firewalk_b, uniq_grinder
D:5:      layout_loops_cross, lemuel_round_altar, lightli_temple_of_fire
D:6:      minmay_klotski, layout_loops_ring, kennysheep_little_box,
          nicolae_hepliaklqana_hazy_memory, kennysheep_minor_cross, st_stairs_13
D:7:      layout_cave_pools, grunt_temple_overflow_holy_war, marbit_many_paths,
          chequers_temple_overflow_minitemple, gammafunk_ghost_abyssal_escape,
          uniq_menkaure
D:8:      layout_loops_corners, kennysheep_okawaru_gauntlet,
          minmay_lair_entry_lava, serial_shops,
          nicolae_shop_temple_entry_statues_fountains, lemuel_flamethrower_2
D:9:      layout_grid_maze
Temple:   nicolae_temple_figure_zero
Lair:1:   layout_long_grid, serial_bayou_pond_d

Skill      XL: |  1  2  3  4  5  6  7  8  9 |
---------------+----------------------------+-----
Fighting       | 2 3 4 5 6 |  6.1
Dodging        | 3 |  3.0
Crossbows      | 5 6 |  6.5
Armour         | 2 3 4 5 6 |  6.5
Axes           | 1 2 3 4 5 6 |  6.3
Evocations     | 1 2 3 4 6 7 |  7.0
Shields        | 1 2 4 |  4.0
Invocations    | 1 |  1.3
Stealth        | |  1.2

Action                   |  1- 3 |  4- 6 |  7- 9 || total
-------------------------+-------+-------+-------++-------
Melee: Short sword       |    13 |     4 |       ||    17
       Hand axe          |       |     8 |    15 ||    23
       Spear             |       |       |    35 ||    35
       Flail             |       |       |    86 ||    86
       War axe           |       |       |    61 ||    61
 Fire: Hand crossbow     |   100 |   102 |   223 ||   425
Throw: Dart              |       |     1 |     1 ||     2
       Throwing net      |       |       |     1 ||     1
Invok: Minor Destruction |       |       |     3 ||     3
 Abil: Heal Wounds       |       |     2 |     6 ||     8
Evoke: Wand              |       |    12 |    23 ||    35
  Use: Scroll            |       |     4 |    13 ||    17
       Potion            |       |       |     9 ||     9
 Stab: Held in net/web   |       |       |     1 ||     1
Armor: Leather armour    |    11 |     2 |       ||    13
       Ring mail         |       |     5 |       ||     5
       Chain mail        |       |    37 |   187 ||   224
       Skin              |       |       |    30 ||    30
Dodge: Dodged            |    19 |    31 |   126 ||   176
Block: Buckler           |       |     1 |    65 ||    66

Table legend: (Time is in decaauts)
 A = Elapsed time spent in this place.
 B = Non-inter-level travel time spent in this place.
 C = Inter-level travel time spent in this place.
 D = Time resting spent in this place.
 E = Time spent auto-exploring this place.
 F = Levels seen in this place.
 G = Mean time per level.
                   A        B        C        D        E       F      G
               +--------+--------+--------+--------+--------+-----+--------+
         Total |   8128 |   7680 |    448 |    730 |   4862 |  11 |  738.9 |
       Dungeon |   7996 |   7557 |    439 |    730 |   4749 |   9 |  888.4 |
        Temple |    123 |    114 |      9 |      0 |    113 |   1 |  123.0 |
          Lair |      8 |      8 |      0 |      0 |      0 |   1 |    8.0 |
               +--------+--------+--------+--------+--------+-----+--------+

Top non-repeatable levels by time:
     D:2: 1259 daAuts
     D:4: 1034 daAuts
     D:7: 992 daAuts
     D:8: 947 daAuts
     D:6: 908 daAuts
     D:5: 908 daAuts
     D:3: 850 daAuts
     D:1: 791 daAuts
     D:9: 303 daAuts
  Temple: 123 daAuts
  Lair:1: 8 daAuts
